 Dungeon Crawl Stone Soup version 0.29-a0-384-g6960b1960d (webtiles) character file.

Game seed: 8448022583539336743

401 chunkyMonkey the Ruffian (level 6, -1/32 HPs)
             Began as a Vine Stalker Transmuter on May 6, 2022.
             Slain by a mummy (8 damage)
             ... in an ossuary.
             The game lasted 00:07:27 (4132 turns).

chunkyMonkey the Ruffian (Vine Stalker Transmuter)  Turns: 4132, Time: 00:07:28

Health: -1/32      AC:  3    Str: 15    XL:     6   Next: 85%
Magic:  0/20       EV: 12    Int: 13    God:
Gold:   127        SH:  0    Dex: 14    Spells: 8/11 levels left

rFire   . . .      SeeInvis .     - Unarmed
rCold   . . .      Faith    .   (no shield)
rNeg    . . .      Spirit   +   e - +0 leather armour
rPois   .          Reflect  .   (no helmet)
rElec   .          Harm     .   (no cloak)
rCorr   .          Rampage  .   (no gloves)
Will    .....                   (no boots)
Stlth   ++........              (no amulet)
HPRegen 0.90/turn               c - ring of magical power
MPRegen 0.17/turn               (no ring)

@: no status effects
A: fangs 2, regeneration 1, magic shield, antimagic bite, no potion heal 2
a: no special abilities


You were in an ossuary.
You visited 1 branch of the dungeon, and saw 4 of its levels.
You also visited: Sewer and Ossuary.

You collected 127 gold pieces.

Inventory:

Hand Weapons
 o - a +0 hand crossbow
Missiles
 f - 17 poisoned darts (quivered)
 p - 2 curare-tipped darts
Armour
 a - a +0 robe
 e - a +0 leather armour (worn)
Jewellery
 c - a ring of magical power (left hand)
Scrolls
 d - a scroll of silence {unknown}
 g - 3 scrolls of teleportation
 h - 3 scrolls of enchant armour
 i - 2 scrolls of vulnerability
 j - a scroll of enchant weapon
 u - a scroll of brand weapon {unknown}
 v - a scroll of fog {unknown}
Potions
 b - a potion of lignification
 k - 3 potions of mutation
 l - a potion of haste {unknown}
 m - a potion of brilliance {unknown}
 n - a potion of might {unknown}
 q - a potion of cancellation
 r - a potion of invisibility {unknown}
 s - a potion of heal wounds {unknown}
 t - a potion of magic {unknown}
 w - a potion of curing {unknown}


   Skills:
 * Level 2.8 Fighting
 * Level 2.9 Dodging
 + Level 2.7 Stealth
 * Level 4.4 Unarmed Combat
 + Level 3.1 Spellcasting
 + Level 2.9 Transmutations


You had 8 spell levels left.
You knew the following spells:

 Your Spells              Type           Power      Damage    Failure   Level
a - Beastly Appendage     Tmut           18%        N/A       9%          1
b - Wereblood             Tmut           9%         N/A       13%         2

Your spell library contained the following spells:

 Spells                   Type           Power      Damage    Failure   Level
 Blink                    Tloc           4%         N/A       38%         2
 Spider Form              Tmut/Pois      5%         N/A       41%         3
 Lesser Beckoning         Tloc           2%         N/A       63%         3
 Ice Form                 Ice/Tmut       5%         N/A       83%         4
 Manifold Assault         Tloc           2%         N/A       100%        5
 Storm Form               Tmut/Air       2%         N/A       100%        7


Dungeon Overview and Level Annotations

Branches:
Dungeon (4/15)              Sewer (visited)         Ossuary (1/1)
 Temple: D:4-7

Altars:


Innate Abilities, Weirdness & Mutations

You have extremely sharp teeth.
Your natural rate of healing is unusually fast.
When hurt, damage is shared between your health and your magic reserves.
Your bite disrupts and absorbs the magic of your enemies.
Potions cannot restore your health.


Message History

Casting: Wereblood (safe; 13% risk of failure)
Confirm with . or Enter, or press ? or * to list all spells.
Your blood is infused with primal strength.
Casting: Wereblood (safe; 13% risk of failure)
Confirm with . or Enter, or press ? or * to list all spells.
You grow a pair of large bovine horns.
Your feet morph into talons.
Casting: Beastly Appendage (safe; 9% risk of failure)
Confirm with . or Enter, or press ? or * to list all spells.
You fail to extend your transformation any further.
Casting: Beastly Appendage (safe; 9% risk of failure)
Confirm with . or Enter, or press ? or * to list all spells.
Okay, then.
You aren't carrying any items that you can evoke.
Unknown command.
You hit the mummy but do no damage. You claw the mummy.
The mummy is moderately damaged.
The mummy closely misses you. The mummy hits you! The mummy hits you!!
You hit the mummy but do no damage. Your kick misses the mummy.
You headbutt the mummy. Your bite misses the mummy.
The mummy is moderately damaged.
You hit the mummy. You bite the mummy, but do no damage.
The mummy is heavily damaged.
The mummy hits you but does no damage. The mummy hits you!
* * * LOW HITPOINT WARNING * * *
The mummy misses you.
Unknown command.
Really quaff the potion of lignification?
Your horns disappear.
Your talons disappear.
You turn into a tree.
Your +0 leather armour melds into your body.
Your roots penetrate the ground.
Unknown command.
It was a potion of cancellation.
Your magical effects are unravelling.
You feel magically purged.
You feel less wooden.
Your +0 leather armour unmelds from your body.
Your primal bloodlust has ended.
The mummy barely misses you. The mummy hits you!
You die... ##+## #...# #.∩.# #.@.# #MMM#

#...#
#.....#
#.#.#.#
#######


You could see 3 mummies.

Vanquished Creatures
  2 kobold brigands (Sewer)
  A hound (D:4)
  An orc priest (D:4)
  3 adders (D:3)
  4 river rats (Sewer)
  7 worms
  3 dart slugs
  4 orcs
  3 endoplasms
  7 giant cockroaches
  2 goblins
  9 hobgoblins
  2 jackals (D:2)
  23 kobolds
  5 quokkas
  11 ball pythons
  3 frilled lizards
  31 rats
121 creatures vanquished.

Notes
Turn   | Place    | Note
-------+----------+-------------------------------------------
     0 | D:1      | chunkyMonkey the Vine Stalker Transmuter began the quest
                  | for the Orb.
     0 | D:1      | Reached XP level 1. HP: 9/9 MP: 4/4
   223 | D:1      | Reached skill level 1 in Fighting
   521 | D:1      | Reached XP level 2. HP: 13/14 MP: 6/6
  1011 | D:1      | Found a faded altar of an unknown god.
  1149 | D:2      | Learned a level 2 spell: Wereblood
  1274 | D:2      | Reached XP level 3. HP: 18/18 MP: 7/7
  1283 | D:2      | Reached skill level 1 in Stealth
  1907 | D:3      | Gained mutation: Your natural rate of healing is unusually
                  | fast. [Vine Stalker growth]
  1907 | D:3      | Reached XP level 4. HP: 23/23 MP: 8/8
  2129 | D:3      | Found a glowing drain.
  2137 | Sewer    | Entered a sewer
  2803 | Sewer    | Reached XP level 5. HP: 24/26 MP: 9/9
  2845 | Sewer    | Noticed a kobold brigand
  2867 | Sewer    | Killed a kobold brigand
  2868 | Sewer    | Reached skill level 4 in Unarmed Combat
  3032 | Sewer    | Noticed a kobold brigand
  3048 | Sewer    | Killed a kobold brigand
  3049 | Sewer    | Reached XP level 6. HP: 32/32 MP: 11/11
  4116 | D:4      | Found a sand-covered staircase.
  4122 | Ossuary  | Entered an ossuary
  4132 | Ossuary  | Slain by a mummy

Illustrated notes

Levels and vault maps discovered:
D:1:      lightli_arrival_statuegarden, layout_loops_ring,
          shapermc_ecumenical_altar_mp_highgroup
D:2:      layout_basic, minmay_heptomino_w4
D:3:      layout_loops_ring, gup_sewer_entry_bubbles, grunt_ministairs_10
D:4:      layout_layer_cave, nicolae_ossuary_entry_plus
Ossuary:  ossuary_minmay_chase

Skill      XL: |  1  2  3  4  5  6 |
---------------+-------------------+-----
Fighting       | 1 2 |  2.8
Stealth        | 1 2 |  2.7
Dodging        | 2 |  2.9
Unarmed Combat | 4 |  4.4
Spellcasting   | 3 |  3.1
Transmutations | |  2.9

Action                   |  1- 3 |  4- 6 || total
-------------------------+-------+-------++-------
Melee: Unarmed           |    89 |   166 ||   255
       Bite              |    20 |    28 ||    48
       Kick              |    23 |    33 ||    56
       Headbutt          |     8 |    19 ||    27
       Punch             |     2 |     2 ||     4
 Cast: Beastly Appendage |    33 |    34 ||    67
       Wereblood         |     9 |    23 ||    32
  Use: Scroll            |     1 |     4 ||     5
       Potion            |       |     2 ||     2
Armor: Robe              |     2 |       ||     2
       Leather armour    |    16 |    38 ||    54
Dodge: Dodged            |    44 |   122 ||   166

Table legend: (Time is in decaauts)
 A = Elapsed time spent in this place.
 B = Non-inter-level travel time spent in this place.
 C = Inter-level travel time spent in this place.
 D = Time resting spent in this place.
 E = Time spent auto-exploring this place.
 F = Levels seen in this place.
 G = Mean time per level.
                   A        B        C        D        E       F      G
               +--------+--------+--------+--------+--------+-----+--------+
         Total |   4168 |   4133 |     35 |    668 |   2534 |   6 |  694.7 |
       Dungeon |   2970 |   2935 |     35 |    283 |   1979 |   4 |  742.5 |
         Sewer |   1187 |   1187 |      0 |    385 |    554 |   1 | 1187.0 |
       Ossuary |      9 |      9 |      0 |      0 |      0 |   1 |    9.0 |
               +--------+--------+--------+--------+--------+-----+--------+

Top non-repeatable levels by time:
   Sewer: 1187 daAuts
     D:1: 1039 daAuts
     D:3: 938 daAuts
     D:2: 850 daAuts
     D:4: 142 daAuts
 Ossuary: 9 daAuts
